 Dungeon Crawl Stone Soup version 0.27-a0-1147-gb3d8e82157 (webtiles) character file.

Game seed: 10982253106155695285

144081 Froggeryz the Brawler (level 16, 0/145 HPs)
             Began as a White Draconian Berserker on May 10, 2021.
             Was a High Priest of Trog.
             Succumbed to a spriggan rider's poison
             ... on level 1 of the Swamp.
             The game lasted 00:52:55 (36041 turns).

Froggeryz the Brawler (White Draconian Berserker)  Turns: 36041, Time: 00:52:55

Health: 0/145      AC: 16    Str: 28    XL:     16   Next: 84%
Magic:  16/16      EV: 17    Int:  8    God:    Trog [*****.]
Gold:   2038       SH: 12    Dex: 15    Spells: 15/15 levels left

rFire    + . .     SeeInvis .     - Unarmed
rCold    + . .     Faith    .   o - +0 buckler
rNeg     . . .     Spirit   .   (armour unavailable)
rPois    .         Reflect  +   (helmet restricted)
rElec    .         Harm     .   A - +2 cloak
rCorr    .         Rampage  .   I - +2 pair of gloves
Will     +....                  e - +0 pair of boots
Stlth    +++++.....             y - amulet of reflection
HPRegen  0.34/turn              H - +6 ring of strength
MPRegen  0.15/turn              p - ring of protection from fire

@: lethally poisoned (0 -> -12), on berserk cooldown, slowed, studying Stealth,
very slow
A: breathe frost, AC +9, unfitting armour, cold resistance 1, cold-blooded
a: Breathe Frost, Renounce Religion, Berserk, Trog's Hand, Brothers in Arms


You were on level 1 of the Swamp.
You worshipped Trog.
Trog was extremely pleased with you.
You visited 5 branches of the dungeon, and saw 25 of its levels.
You also visited: Bailey and Volcano.

You collected 2570 gold pieces.
You spent 532 gold pieces at shops.

Inventory:

Missiles
 a - 5 atropa-tipped darts
 t - 5 throwing nets
 U - 16 curare-tipped darts
Armour
 e - a +0 pair of boots (worn)
 o - a +0 buckler (worn)
 A - a +2 cloak (worn)
 I - a +2 pair of gloves (worn)
 K - a +0 tower shield
Jewellery
 c - a ring of positive energy
 d - a ring of protection from fire
 p - a ring of protection from fire (right hand)
 v - a ring of ice
 y - an amulet of reflection (around neck)
 B - a ring of protection from cold
 H - a +6 ring of strength (left hand)
Wands
 u - a wand of paralysis (25)
 D - a wand of iceblast (29)
 M - a wand of flame (122)
 S - a wand of acid (10)
 V - a wand of charming (11)
Scrolls
 l - 3 scrolls of fog
 s - 3 scrolls of immolation
 x - 3 scrolls of teleportation
 z - 2 scrolls of holy word
 F - a scroll of enchant weapon
 G - 4 scrolls of identify
 J - 3 scrolls of blinking
 L - 3 scrolls of brand weapon
 O - a scroll of summoning
 P - a scroll of enchant armour
 Q - a scroll of torment {unknown}
 R - a scroll of magic mapping
 T - a scroll of acquirement
Potions
 b - 3 potions of ambrosia
 f - 5 potions of haste
 g - 3 potions of lignification
 h - 6 potions of resistance
 i - 4 potions of cancellation
 j - 6 potions of curing
 k - 3 potions of might
 m - 2 potions of berserk rage
 n - 8 potions of heal wounds
 q - 4 potions of magic
 r - 7 potions of flight
 w - 3 potions of degeneration {unknown}
 C - 5 potions of mutation
 E - 3 potions of attraction {unknown}
 N - 3 potions of brilliance


   Skills:
 + Level 13.9 Fighting
 - Level 11.0 Dodging
 - Level 10.4 Stealth
 - Level 11.5 Shields
 * Level 18.9 Unarmed Combat


You had 15 spell levels left.
You didn't know any spells.
Your spell library was empty.

Dungeon Overview and Level Annotations

Branches:
Dungeon (15/15)            Temple (0/1) D:4            Lair (6/6) D:8
  Swamp (1/4) Lair:4       Spider (1/4) Lair:4        Slime (0/5) Lair:6
    Orc (2/2) D:12            Elf (0/3) Orc:2        Vaults (0/5) D:14
 Depths (0/5) D:15         Bailey (visited)         Volcano (visited)

Altars:
Ashenzari
Dithmenos
Makhleb
Xom
Beogh

Shops:
D:2 [   D:4 [   Orc:1 *   Orc:2 (!:[*

Annotations:
Swamp:1 Roxanne


Innate Abilities, Weirdness & Mutations

You can breathe waves of freezing cold which knock back foes.
Your icy white scales are hard. (AC +9)
You cannot fit into any form of body armour.
Your flesh is cold resistant. (rC+)
You are cold-blooded and may be slowed by cold attacks.


Message History

The hornet is heavily wounded.
* * * LOW HITPOINT WARNING * * *
You feel very sick. You block the hornet's attack.
You punch the hornet!
You kill the hornet!
Trog accepts your kill.
* * * LOW HITPOINT WARNING * * *
You feel very sick.
You barely miss the will-o-the-wisp.
* * * LOW HITPOINT WARNING * * *
You feel very sick.
The will-o-the-wisp completely misses you.
You pummel the will-o-the-wisp!!
The will-o-the-wisp is severely damaged.
* * * LOW HITPOINT WARNING * * *
You feel very sick.
You punch the will-o-the-wisp!
The will-o-the-wisp is almost destroyed.
* * * LOW HITPOINT WARNING * * *
You feel very sick.
The will-o-the-wisp gestures.
The will-o-the-wisp conjures some foxfire! 2 foxfires come into view.
You punch the will-o-the-wisp!
You destroy the will-o-the-wisp!
Trog accepts your kill.
* * * LOW HITPOINT WARNING * * *
You feel sick.
Unknown command.
* * * LOW HITPOINT WARNING * * *
You feel very sick.
You feel a strong urge to attack something.
* * * LOW HITPOINT WARNING * * *
You feel very sick.
There is a staircase back to the Lair here.
You are no longer berserk.
You are exhausted.
You feel yourself slow down.
You die...

♣≈...≈≈≈>≈.♣♣♣ ♣♣♣♣♣
♣.≈≈§≈≈≈.≈≈.≈♣♣♣≈≈.♣
.≈≈≈≈≈≈..≈≈≈..♣≈.≈.♣ ♣♣
.≈≈≈≈≈≈..≈≈≈....≈§♣♣♣≈♣
.≈≈.≈.............≈≈..♣♣♣≈
.≈≈♣♣♣...§.≈≈..≈.≈..≈≈....
♣♣♣♣♣§..≈≈≈≈...≈§≈)≈≈≈.♣
♣♣≈..§≈♣.≈≈≈≈.≈.≈≈≈≈≈≈≈≈.
♣.≈≈..♣♣@.......≈≈.≈≈...≈
♣.≈≈.............≈≈≈..♣.≈
♣♣....≈≈.........≈≈≈♣♣♣≈.
♣≈.....§...≈.......♣♣♣♣≈
♣♣♣♣...≈≈≈.≈≈≈♣≈...≈≈♣♣≈
♣♣♣.≈≈≈≈§≈..♣♣♣........
♣...≈≈≈≈≈≈≈≈....≈♣♣..≈≈
♣...)≈≈≈≈≈≈≈.≈≈>.♣♣§.≈≈
♣♣♣♣♣.≈.(....≈≈.≈.≈≈≈.....≈


There were no monsters in sight!

Vanquished Creatures
  Rupert (D:13)
  A thorn hunter (Swamp:1)
  Louise (Swamp:1)
  An orc warlord (Bailey)
  A ghoul (Swamp:1)
  A bunyip (Swamp:1)
  The ghost of Jugh the Grappler, a journeyman DDFi of Ru (Lair:3)
  A fire dragon (Volcano)
  Snorg (D:10)
  Josephine (D:11)
  An eleionoma (Swamp:1)
  The ghost of PolarisCt the Cleaver, a journeyman HOFi of Beogh (Orc:1)
  A rakshasa (D:14)
  2 ice dragons (D:15)
  Fannar (D:10)
  Harold (D:8)
  9 hydras
  3 catoblepae (Lair:6)
  5 centaur warriors
  9 two-headed ogres
  18 death yaks
  The ghost of Gilette the Geomancer, a novice DEEE of Vehumet (D:9)
  A tengu warrior (D:15)
  A fire crab (shapeshifter) (D:15)
  A goliath frog (Swamp:1)
  A phantasmal warrior (D:14)
  A wizard (D:14)
  2 orc knights
  5 lindwurms
  3 deep elf pyromancers
  An ugly thing (D:12)
  5 manticores
  7 orc sorcerers (Orc:2)
  3 wolf spiders (Lair:4)
  An oklob plant (Lair:6)
  7 cyclopes
  13 elephants
  3 will-o-the-wisps (Swamp:1)
  6 black mambas
  3 smoke demons (Volcano)
  2 gargoyles
  Maggie (D:10)
  A kobold demonologist (D:9)
  13 cane toads
  3 rime drakes
  A freezing wraith (D:14)
  An unseen horror (D:12)
  A demonic crawler (Lair:4)
  5 komodo dragons
  2 tengu conjurers
  2 polar bears
  13 trolls
  3 meliai (D:15)
  A hornet (Swamp:1)
  12 blink frogs
  A meliai zombie (D:9)
  7 dream sheep (Lair:4)
  A tarantella (Spider:1)
  2 shadows
  A spriggan (Swamp:1)
  7 wyverns
  A basilisk (shapeshifter) (D:14)
  Sigmund (D:3)
  Eustachio (D:6)
  54 yaks
  5 wraiths
  3 basilisks
  6 steam dragons
  8 vampire mosquitoes
  A swamp worm (Swamp:1)
  4 wargs
  2 acid dragons
  13 water moccasins
  2 hell hounds (Volcano)
  A swamp drake (Swamp:1)
  21 orc warriors
  2 ice beasts
  2 black bears
  3 necrophages
  A sky beast (D:7)
  9 ogres
  The ghost of nj0rd12 the Ducker, an amateur DjAE (D:3)
  10 wolves
  3 phantoms
  8 centaurs
  Blork the orc (D:6)
  9 kobold brigands
  13 bullfrogs
  2 scorpions
  2 killer bees (D:8)
  3 wights (D:8)
  2 electric eels (Lair:3)
  A centaur zombie (D:5)
  9 orc priests
  3 hounds
  3 jellies
  Crazy Yiuf (D:6)
  2 bullfrog skeletons
  3 iguanas
  Jessica (D:2)
  Natasha (thrice) (D:2)
  37 orc wizards
  2 hound skeletons (D:5)
  Robin (D:3)
  A howler monkey zombie (D:6)
  14 gnolls
  A howler monkey skeleton (D:6)
  6 adders
  3 river rats (D:8)
  2 white imps
  An ufetubus (D:6)
  An adder skeleton (D:4)
  2 worms
  A dart slug (D:1)
  84 orcs
  4 endoplasms
  2 giant cockroaches (D:2)
  19 hobgoblins
  16 jackals
  6 quokkas
  11 ball pythons
  5 bats
  2 frilled lizards
  27 goblins
  11 kobolds
  4 rats
  A bush (Lair:6)
690 creatures vanquished.

Vanquished Creatures (collateral kills)
  A killer bee (D:8)
  A gnoll (Bailey)
  A hobgoblin (Bailey)
  A goblin (Bailey)
4 creatures vanquished.

Vanquished Creatures (others)
  A smoke demon (Volcano)
  A bloated husk (Swamp:1)
  A yak (D:10)
  A killer bee (D:8)
  An orc wizard (Orc:2)
  8 foxfires (Swamp:1)
  34 fungi
  53 plants
  47 withered plants
147 creatures vanquished.

Grand Total: 841 creatures vanquished

Notes
Turn   | Place    | Note
-------+----------+-------------------------------------------
     0 | D:1      | Froggeryz the Draconian Berserker began the quest for the
                  | Orb.
     0 | D:1      | Reached XP level 1. HP: 19/19 MP: 1/1
   217 | D:1      | Reached XP level 2. HP: 16/26 MP: 2/2
   731 | D:1      | You fall into a shaft and drop 1 floor!
   766 | D:2      | Noticed Natasha
   770 | D:2      | Noticed a crimson imp
   777 | D:2      | Killed Natasha
   778 | D:2      | Reached skill level 4 in Unarmed Combat
   778 | D:2      | Reached XP level 3. HP: 28/31 MP: 3/3
   942 | D:2      | Reached XP level 4. HP: 31/38 MP: 4/4
  1254 | D:2      | Noticed Natasha
  1390 | D:1      | Reached ** piety under Trog
  1699 | D:2      | Killed Natasha
  2039 | D:2      | Noticed Natasha
  2046 | D:2      | Killed Natasha
  2047 | D:2      | Reached skill level 5 in Unarmed Combat
  2047 | D:2      | Reached XP level 5. HP: 45/45 MP: 5/5
  2234 | D:2      | Noticed Jessica
  2242 | D:2      | Killed Jessica
  2478 | D:2      | Found Lunyxont's Antique Armour Emporium.
  2486 | D:2      | Bought a buckler for 135 gold pieces
  2490 | D:2      | Found a shimmering altar of Xom.
  2827 | D:3      | Noticed Sigmund
  3052 | D:3      | Noticed nj0rd12's ghost (amateur DjAE)
  3055 | D:3      | Found a transporter.
  3092 | D:3      | Found a transporter.
  3128 | D:3      | Reached XP level 6. HP: 46/51 MP: 6/6
  3267 | D:3      | Reached *** piety under Trog
  3270 | D:3      | Killed Sigmund
  3271 | D:3      | Reached skill level 6 in Unarmed Combat
  3462 | D:3      | Noticed Robin
  3495 | D:3      | Killed Robin
  3641 | D:3      | Your scales start taking on an icy white colour.
  3641 | D:3      | Reached XP level 7. HP: 25/57 MP: 7/7
  3641 | D:3      | Gained mutation: Your flesh is cold resistant. (rC+) [White
                  | Draconian growth]
  3897 | D:4      | Found a staircase to the Ecumenical Temple.
  3928 | D:4      | Reached skill level 7 in Unarmed Combat
  4179 | D:4      | Found Kimm's Armour Boutique.
  4635 | D:4      | Reached skill level 5 in Dodging
  4825 | D:5      | Entered Level 5 of the Dungeon
  4838 | D:5      | Reached skill level 8 in Unarmed Combat
  4941 | D:5      | Reached XP level 8. HP: 34/63 MP: 8/8
  5143 | D:5      | Reached **** piety under Trog
  5549 | D:5      | Reached skill level 9 in Unarmed Combat
  5881 | D:5      | Found a broken altar of Ashenzari.
  6313 | D:6      | Noticed Eustachio
  6380 | D:6      | Killed Eustachio
  6909 | D:6      | Reached skill level 10 in Unarmed Combat
  7015 | D:6      | Reached XP level 9. HP: 37/70 MP: 9/9
  7898 | D:6      | Found a runed translucent door.
  7898 | D:6      | Noticed Blork the orc
  7898 | D:6      | Noticed Crazy Yiuf
  7905 | D:6      | Killed Crazy Yiuf
  7909 | D:6      | Killed Blork the orc
  8025 | D:7      | Reached skill level 1 in Shields
  8260 | D:7      | Reached skill level 11 in Unarmed Combat
  9452 | D:8      | Noticed a death yak
  9452 | D:8      | Noticed a death yak
  9454 | D:8      | Noticed a death yak
  9467 | D:7      | Killed a death yak
  9468 | D:7      | Reached XP level 10. HP: 77/77 MP: 10/10
  9567 | D:8      | Reached skill level 5 in Shields
  9911 | D:8      | Found a staircase to the Lair.
  9958 | D:8      | Killed a death yak
  9965 | D:8      | Killed a death yak
  9966 | D:8      | Reached skill level 12 in Unarmed Combat
 10046 | D:8      | Noticed a two-headed ogre
 10054 | D:8      | Killed a two-headed ogre
 11175 | D:9      | Found a runed translucent gate.
 11176 | D:9      | Found a runed translucent gate.
 11177 | D:9      | Noticed Gilette's ghost (novice DEEE)
 11183 | D:9      | Found a runed translucent gate.
 11184 | D:9      | Identified the +5 scimitar of the Spheres {freeze, Int+4}
 11228 | D:9      | Reached ***** piety under Trog
 11714 | D:10     | Entered Level 10 of the Dungeon
 11769 | D:10     | Reached XP level 11. HP: 39/82 MP: 11/11
 12177 | D:10     | Noticed a two-headed ogre
 12184 | D:10     | Killed a two-headed ogre
 12250 | D:10     | Reached skill level 13 in Unarmed Combat
 12578 | D:10     | Noticed Snorg
 12590 | D:10     | Killed Snorg
 12723 | D:10     | Noticed Fannar
 12773 | D:10     | Killed Fannar
 13004 | D:10     | Noticed a two-headed ogre
 13015 | D:10     | Killed a two-headed ogre
 13069 | D:10     | Noticed Maggie
 13079 | D:10     | Killed Maggie
 13281 | D:11     | Noticed a two-headed ogre
 13288 | D:11     | Killed a two-headed ogre
 13341 | D:11     | Found a flagged portal.
 13350 | Bailey   | Entered a bailey
 13696 | Bailey   | Noticed an orc warlord
 13729 | Bailey   | Killed an orc warlord
 13730 | Bailey   | Reached skill level 14 in Unarmed Combat
 13788 | Bailey   | Noticed an orc knight
 13824 | Bailey   | Killed an orc knight
 14642 | D:11     | Reached XP level 12. HP: 49/89 MP: 12/12
 15044 | D:11     | You fall into a shaft and drop 1 floor!
 15205 | D:12     | Found a staircase to the Orcish Mines.
 15346 | D:11     | Noticed a two-headed ogre
 15356 | D:11     | Killed a two-headed ogre
 16110 | D:12     | Noticed a two-headed ogre
 16111 | D:12     | Noticed an eight-headed hydra
 16124 | D:12     | Reached skill level 10 in Dodging
 16128 | D:12     | Killed a two-headed ogre
 16348 | D:12     | Killed an eight-headed hydra
 16463 | D:12     | Noticed Josephine
 16617 | D:11     | Killed Josephine
 16618 | D:11     | Reached skill level 15 in Unarmed Combat
 16672 | D:12     | Noticed a four-headed hydra
 16683 | D:12     | Killed a four-headed hydra
 17501 | Lair:1   | Entered Level 1 of the Lair of Beasts
 17559 | Lair:1   | Noticed a six-headed hydra
 17566 | Lair:1   | Killed a six-headed hydra
 17567 | Lair:1   | Reached skill level 10 in Shields
 17699 | Lair:1   | You fall into a shaft and drop 1 floor!
 17712 | Lair:2   | Found a burning altar of Makhleb.
 17934 | Lair:1   | Received a gift from Trog
 18058 | Lair:1   | Found a dark tunnel.
 18063 | Volcano  | Entered a volcano
 18080 | Volcano  | Reached XP level 13. HP: 78/94 MP: 13/13
 18748 | Volcano  | Noticed a fire dragon
 18766 | Volcano  | Killed a fire dragon
 18767 | Volcano  | Reached skill level 16 in Unarmed Combat
 19109 | Lair:1   | Reached skill level 1 in Stealth
 19515 | Lair:2   | Identified a scroll of acquirement
 19749 | Lair:2   | Acquired a manual of Stealth
 20807 | Lair:3   | Found a runed translucent door.
 20816 | Lair:3   | Noticed Jugh's ghost (journeyman DDFi)
 21672 | Lair:3   | Reached skill level 5 in Stealth
 22092 | Lair:3   | Killed Jugh's ghost
 22310 | Lair:4   | Found a shimmering altar of Xom.
 22513 | Lair:4   | Found a hole to the Spider Nest.
 22534 | Lair:4   | Found a staircase to the Swamp.
 22725 | Lair:4   | Reached skill level 17 in Unarmed Combat
 22738 | Lair:4   | Reached XP level 14. HP: 68/102 MP: 14/14
 24020 | Lair:4   | Reached skill level 5 in Fighting
 25123 | Lair:6   | Entered Level 6 of the Lair of Beasts
 25382 | Lair:6   | Found a staircase to the Slime Pits.
 25498 | Lair:6   | Received a gift from Trog
 26781 | Lair:6   | Reached skill level 10 in Fighting
 27280 | Lair:6   | Reached skill level 18 in Unarmed Combat
 27392 | Lair:6   | Reached skill level 10 in Stealth
 27392 | Lair:6   | Reached XP level 15. HP: 126/126 MP: 15/15
 27720 | Orc:1    | Entered Level 1 of the Orcish Mines
 27825 | Orc:2    | Entered Level 2 of the Orcish Mines
 27888 | Orc:2    | Reached XP level 16. HP: 134/134 MP: 16/16
 28213 | Orc:2    | Reached ****** piety under Trog
 28421 | Orc:1    | Found a transporter.
 28421 | Orc:1    | Noticed PolarisCt's ghost (journeyman HOFi)
 28423 | Orc:1    | Found a transporter.
 28471 | Orc:1    | Found the +7 great mace "Firestarter" {inner flame, rF++}
 28479 | Orc:1    | Received a gift from Trog
 28542 | Orc:1    | Found Xope's Assorted Antiques.
 28562 | Orc:1    | Bought a pair of boots for 117 gold pieces
 28844 | Orc:1    | Killed PolarisCt's ghost
 29163 | Orc:2    | Found Bopupe's Distillery.
 29163 | Orc:2    | Found Duahustono's Antique Weapon Boutique.
 29169 | Orc:2    | Bought a potion of heal wounds for 65 gold pieces
 29169 | Orc:2    | Bought a potion of heal wounds for 65 gold pieces
 29184 | Orc:2    | Found a staircase to the Elven Halls.
 29335 | Orc:2    | Found Lischid's General Store.
 29358 | Orc:2    | Bought a potion of mutation for 120 gold pieces
 29358 | Orc:2    | Bought a scroll of fog for 30 gold pieces
 29432 | Orc:2    | Found Kajent's Armour Emporium.
 29432 | Orc:2    | Found Upuoteoz's Book Boutique.
 29775 | D:13     | Noticed Rupert
 30209 | D:13     | Found a shadowy altar of Dithmenos.
 30770 | D:13     | Killed Rupert
 31481 | D:14     | Received a gift from Trog
 31885 | D:14     | Found a gate to the Vaults.
 32304 | D:15     | Entered Level 15 of the Dungeon
 33866 | D:15     | Found a staircase to the Depths.
 34325 | D:8      | Noticed Harold
 34342 | D:8      | Killed Harold
 34444 | D:9      | Killed Gilette's ghost
 34793 | D:3      | Killed nj0rd12's ghost
 35037 | Spider:1 | Entered Level 1 of the Spider Nest
 35447 | Swamp:1  | Entered Level 1 of the Swamp
 35451 | Swamp:1  | Noticed a thorn hunter
 35458 | Swamp:1  | Killed a thorn hunter
 35656 | Swamp:1  | Noticed Roxanne
 35690 | Swamp:1  | Noticed Louise
 35708 | Swamp:1  | Killed Louise
 36037 | Swamp:1  | HP: 10/217 [poisoned by a spriggan rider]
 36040 | Swamp:1  | HP: 3/217 [poisoned by a spriggan rider]
 36041 | Swamp:1  | Succumbed to a spriggan rider's poison

Illustrated notes

Levels and vault maps discovered:
D:1:      elethiomel_arrival_infinity_welcomes_careful_drivers,
          layout_loops_ring, serial_forest, infiniplex_forest_lined_2,
          infiniplex_forest_clump_small, infiniplex_forest_lined_room_3,
          infiniplex_forest_lined_room_
D:2:      layout_loops_ring, basic_altar, serial_shops, shop,
          grunt_decor_mini_mirrors, minmay_pentomino_u2, uniq_natasha,
          uniq_jessica
D:3:      layout_basic, gammafunk_ghost_arena, kennysheep_generic_room_15,
          uniq_robin, uniq_sigmund
D:4:      layout_cave_pools, minmay_temple_entry_statues_fountains,
          serial_shops, nicolae_shop_stone
D:5:      layout_loops_ring, general_overflow_altar
D:6:      layout_basic, uniq_eustachio, uniq_crazy_yiuf_cottage,
          uniq_blork_the_orc
D:7:      layout_rooms
D:8:      layout_loops_cross, dpeg_lair_monsters, uniq_harold
D:9:      layout_basic, gammafunk_ghost_nasty_kobolds
D:10:     layout_roguey, uniq_fannar, uniq_snorg, uniq_maggie
D:11:     layout_gridville, enter_bailey_8
D:12:     layout_long_grid, orc_0_dummy, grunt_decor_arrowhead, uniq_josephine
D:13:     layout_roguey, nicolae_dithmenos_the_darkroom, uniq_rupert
D:14:     layout_basic, david_vaults_4, kennysheep_another_room
D:15:     grunt_enter_depths_hoard, layout_long_grid, nrook_mini_backslash
Lair:1:   layout_loops_ring, nicolae_volcano_entry_s_turn
Lair:2:   statuecave_lemuel, layout_regular_city, basic_altar,
          infiniplex_staircase_pool_2
Lair:3:   layout_hall_layers, gammafunk_ghost_grave, disabler_island,
          lemuel_fruit_tree
Lair:4:   layout_layer_cave, swamp_mist, spider_nest_entry_web_field,
          basic_altar
Lair:5:   layout_loops_ring, st_stairs_8, minivault_27
Lair:6:   evilmike_catoblepas_cave, layout_loops_ring, slime_dummy,
          minmay_lair_oklob_bushes, grunt_megastairs_5
Swamp:1:  layout_basic_swamp, nicolae_swamp_little_tower, swamp_pool3,
          st_shrine_of_shade, uniq_roxanne, uniq_louise
Spider:1: layout_spider_delve
Orc:1:    layout_caves, serial_shops, nicolae_shop_stone, gammafunk_ghost_arena
Orc:2:    st_orc_town, layout_diamond_mine, serial_shops, shop_fountains,
          basic_altar

Skill      XL: |  1  2  3  4  5  6  7  8  9 10 11 12 13 14 15 16 |
---------------+-------------------------------------------------+-----
Dodging        | 3 4 5 6 7 8 9 10 11 | 11.0
Unarmed Combat | 4 5 6 8 10 11 12 14 15 17 18 | 18.9
Shields        | 4 7 8 10 11 | 11.5
Stealth        | 6 10 | 10.4
Fighting       | 10 13 | 13.9

Action                   |  1- 3 |  4- 6 |  7- 9 | 10-12 | 13-15 | 16-18 || total
-------------------------+-------+-------+-------+-------+-------+-------++-------
Melee: Unarmed           |    55 |   174 |   434 |   718 |   840 |   585 ||  2806
       Tailslap          |     8 |    18 |    66 |   115 |   190 |   120 ||   517
       Punch             |     1 |     4 |    28 |     1 |       |       ||    34
Invok: Berserk           |     1 |     4 |     2 |    19 |     7 |     8 ||    41
       Brothers in Arms  |       |       |       |     2 |       |       ||     2
       Trog's Hand       |       |       |       |     2 |     4 |     4 ||    10
 Abil: Breathe Frost     |       |       |    14 |     6 |     8 |     2 ||    30
Evoke: Wand              |       |       |       |     9 |     5 |       ||    14
  Use: Scroll            |       |     6 |     6 |     3 |    16 |       ||    31
       Potion            |       |       |       |       |     4 |     2 ||     6
 Stab: Sleeping          |       |     3 |       |     1 |     7 |    13 ||    24
       Distracted        |       |       |       |       |     1 |     3 ||     4
Armor: Skin              |    24 |    58 |   124 |   115 |   141 |   132 ||   594
Dodge: Dodged            |    32 |   134 |   259 |   275 |   350 |   258 ||  1308
Block: Buckler           |       |       |       |   277 |   320 |   298 ||   895
       Reflection        |       |       |       |     3 |     1 |    19 ||    23

Table legend: (Time is in decaauts)
 A = Elapsed time spent in this place.
 B = Non-inter-level travel time spent in this place.
 C = Inter-level travel time spent in this place.
 D = Time resting spent in this place.
 E = Time spent auto-exploring this place.
 F = Levels seen in this place.
 G = Mean time per level.
                   A        B        C        D        E       F      G
               +--------+--------+--------+--------+--------+-----+--------+
         Total |  35734 |  33695 |   2039 |   7477 |  20711 |  27 | 1323.5 |
       Dungeon |  21723 |  20378 |   1345 |   3844 |  13910 |  15 | 1448.2 |
          Lair |   9553 |   8962 |    591 |   2086 |   5326 |   6 | 1592.2 |
         Swamp |    573 |    573 |      0 |    306 |    113 |   1 |  573.0 |
   Spider Nest |      5 |      5 |      0 |      0 |      0 |   1 |    5.0 |
  Orcish Mines |   1834 |   1733 |    101 |    153 |   1129 |   2 |  917.0 |
        Bailey |   1261 |   1261 |      0 |    636 |    181 |   1 | 1261.0 |
       Volcano |    782 |    782 |      0 |    450 |     50 |   1 |  782.0 |
               +--------+--------+--------+--------+--------+-----+--------+

Top non-repeatable levels by time:
  Lair:4: 2334 daAuts
  Lair:6: 2253 daAuts
     D:6: 1775 daAuts
    D:10: 1765 daAuts
     D:9: 1695 daAuts
    D:14: 1573 daAuts
    D:15: 1519 daAuts
     D:1: 1488 daAuts
    D:11: 1458 daAuts
    D:12: 1424 daAuts
     D:8: 1423 daAuts
    D:13: 1423 daAuts
  Lair:3: 1422 daAuts
  Lair:2: 1274 daAuts
  Bailey: 1261 daAuts
